 Dungeon Crawl Stone Soup version 0.21.1-68-g103a7af (webtiles) character file.

229 Madoushi the Chopper (level 5, 0/47 HPs)
             Began as a Minotaur Berserker on Aug 2, 2018.
             Was a Priest of Trog.
             Succumbed to a kobold's poison
             ... on level 3 of the Dungeon.
             The game lasted 00:08:22 (2286 turns).

Madoushi the Chopper (Minotaur Berserker)           Turns: 2286, Time: 00:08:23

Health: 0/47       AC: 10    Str: 27    XL:     5   Next: 71%
Magic:  4/4        EV:  9    Int:  4    God:    Trog [***...]
Gold:   135        SH:  3    Dex: 10    Spells: 4/4 levels left

rFire    + . .     SeeInvis .   m - +1 whip (elec)
rCold    + . .     Gourm    .   e - +0 buckler
rNeg     . . .     Faith    .   g - +1 chain mail
rPois    .         Spirit   .   (helmet restricted)
rElec    .         Reflect  .   k - scarf {rC+ rF+}
rCorr    .         Harm     .   (no gloves)
MR       .....                  (no boots)
Stlth    ..........             (no amulet)
HPRegen  0.15/turn              (no ring)
MPRegen  0.09/turn              (no ring)

@: mighty, lethally poisoned (0 -> -18), very slightly contaminated, invisible
A: retaliatory headbutt, horns 2
a: Berserk, Trog's Hand, Burn Spellbooks, Renounce Religion


You were on level 3 of the Dungeon.
You worshipped Trog.
Trog was most pleased with you.
You were not hungry.

You visited 1 branch of the dungeon, and saw 4 of its levels.

You collected 135 gold pieces.

Inventory:

Hand Weapons
 a - a +0 hand axe
 m - a +1 whip of electrocution (weapon)
Armour
 b - a +0 animal skin
 e - a +0 buckler (worn)
 g - a +1 chain mail (worn)
 k - a scarf of resistance (worn)
 r - a cursed +0 scale mail
Scrolls
 d - 2 scrolls of remove curse
 j - a scroll of blinking
 q - a scroll of amnesia {unknown}
Potions
 h - a potion of mutation {unknown}
 i - a potion of heal wounds {unknown}
 l - a potion of invisibility
 o - a potion of agility {unknown}
 p - 2 potions of degeneration {unknown}
Comestibles
 c - 4 rations


   Skills:
 + Level 4.6 Fighting
 + Level 5.5(5.7) Axes
 + Level 1.5(3.8) Maces & Flails
 + Level 3.5 Armour
 + Level 3.3 Dodging
 + Level 0.5 Stealth
 + Level 0.8 Shields


You had 4 spell levels left.
You didn't know any spells.

Dungeon Overview and Level Annotations

Branches:
Dungeon (4/15)
 Temple: D:4-7

Altars:


Innate Abilities, Weirdness & Mutations

You reflexively headbutt those who attack you in melee.
You have a pair of horns on your head.


Message History

You feel sick. The goblin barely misses you.
Your chain mail prevents you from hitting the goblin.
The goblin is severely wounded.
* * * LOW HITPOINT WARNING * * *
You feel sick. You block the goblin's attack.
You whack the goblin!
You kill the goblin!
Trog accepts your kill.
* * * LOW HITPOINT WARNING * * *
You feel sick.
There is a lethal amount of poison in your body!
There is a lethal amount of poison in your body!
It was a potion of invisibility.
You fade into invisibility!
* * * LOW HITPOINT WARNING * * *
You feel sick.
You are very lightly contaminated with residual magic.
It was a potion of might.
You feel very mighty all of a sudden.
You die...

#### ##...#
##########.. .....
#......?...#######
##...#
#.........>.......
.....
#........)@†.....#
#...##
#................#
#.....
#.$.......(......#
#.....
#%......(........#
#.##
#.....(.......####
##...
#....(((.........#
#...#
#######..........#
#†#.#
#...........#
#.#.#
#...........#
#)#.#


There were no monsters in sight!

Vanquished Creatures
  The ghost of Lilu the Conjurer, an amateur DECj (D:3)
  An orc priest (D:4)
  An orc wizard (D:4)
  An adder (D:2)
  2 worms (D:2)
  2 dart slugs
  2 leopard geckos
  4 orcs
  5 giant cockroaches
  13 goblins
  8 hobgoblins
  6 jackals
  A ball python (D:3)
  10 bats
  3 frilled lizards
  12 kobolds
  A quokka skeleton (D:4)
  8 rats
81 creatures vanquished.

Notes
Turn   | Place    | Note
-------+----------+-------------------------------------------
     0 | D:1      | Madoushi the Minotaur Berserker began the quest for the Orb.
     0 | D:1      | Reached XP level 1. HP: 19/19 MP: 0/0
   149 | D:1      | Reached XP level 2. HP: 21/27 MP: 1/1
   149 | D:1      | Reached skill level 4 in Axes
   489 | D:1      | Reached ** piety under Trog
   541 | D:1      | Reached XP level 3. HP: 33/33 MP: 2/2
  1349 | D:2      | Reached XP level 4. HP: 41/41 MP: 3/3
  1687 | D:3      | Noticed Lilu's ghost (amateur DECj)
  1706 | D:4      | Reached skill level 5 in Axes
  1707 | D:4      | HP: 2/41 [orc/short sword (5)]
  2023 | D:4      | Reached XP level 5. HP: 37/47 MP: 4/4
  2065 | D:3      | Killed Lilu's ghost
  2065 | D:3      | Reached skill level 1 in Maces & Flails
  2270 | D:3      | Reached *** piety under Trog
  2285 | D:3      | HP: 2/47 [poisoned by a kobold]
  2286 | D:3      | Succumbed to a kobold's poison

Skill      XL: |  1  2  3  4  5 |
---------------+----------------+-----
Axes           | 4 5 |  5.5
Fighting       | 4 |  4.6
Dodging        | 3 |  3.3
Armour         | 3 |  3.5
Maces & Flails | 1 |  1.5
Stealth        | |  0.5
Shields        | |  0.8

Action                   |  1- 3 |  4- 6 || total
-------------------------+-------+-------++-------
Melee: Hand axe          |    93 |       ||    93
       Headbutt          |    10 |    12 ||    22
       Whip              |     4 |    74 ||    78
  Use: Scroll            |     4 |     2 ||     6
       Potion            |       |     2 ||     2
  Eat: Chunk             |     1 |     1 ||     2
       Ration            |       |     1 ||     1
Armor: Animal skin       |     4 |       ||     4
       Chain mail        |    40 |    58 ||    98
Dodge: Dodged            |    70 |    32 ||   102
Block: Buckler           |    12 |     5 ||    17
